 Dungeon Crawl Stone Soup version 0.31-a0-321-g19405a7a6a (webtiles) character file.

Game seed: 4709269353027528854

80 HallandMoats the Trooper (level 4, -12/37 HPs)
             Began as a Mummy Fighter on July 17, 2023.
             Killed by divine providence
             ... invoked by an orc priest
              (14 damage)
             ... on level 3 of the Dungeon.
             The game lasted 00:03:57 (2046 turns).

HallandMoats the Trooper (Mummy Fighter)            Turns: 2046, Time: 00:03:57

Health: -12/37     AC:  6    Str: 21    XL:     4   Next: 18%
Magic:  4/4        EV:  9    Int:  7    God:
Gold:   118        SH:  4    Dex: 11    Spells: 3/3 levels left

rFire   x . .        a - +0 flail
rCold   + . .        c - +0 buckler
rNeg    + + +        b - +0 scale mail
rPois   ∞            (no helmet)
rElec   .            (no cloak)
rCorr   .            (no gloves)
SInv    .            (no boots)
Will    .....        (no amulet) Stlth
                     (no ring)
HPRegen 0.26/turn    (no ring)
MPRegen 0.09/turn

%: faith
@: no status effects
A: cold resistance 1, negative energy resistance 3, torment resistance 2, heat
vulnerability 1, in touch with death 1, no potions, faith
a: no special abilities


You were on level 3 of the Dungeon.
You visited 1 branch of the dungeon, and saw 3 of its levels.

You collected 118 gold pieces.

Inventory:

Hand Weapons
 a - a +0 flail (weapon)
Missiles
 d - 3 silver javelins (quivered)
Armour
 b - a +0 scale mail (worn)
 c - a +0 buckler (worn)
Jewellery
 j - a ring of wizardry
Scrolls
 e - a scroll of fear {unknown}
 f - 3 scrolls of teleportation {unknown}
 g - a scroll of poison {unknown}
 h - a scroll of immolation {unknown}
 i - a scroll of vulnerability {unknown}
 k - a scroll of revelation {unknown}
 l - a scroll of identify {unknown}
 m - a scroll of butterflies {unknown}


   Skills:
 * Level 3.9 Fighting
 * Level 2.6 Maces & Flails
 - Level 2.4 Armour
 + Level 2.8 Shields


You had 3 spell levels left.
You didn't know any spells.
Your spell library contained the following spells:

 Spells                   Type           Power      Damage    Failure   Level
 Kiss of Death            Conj/Necr      0%         2d5       85%         1
 Confusing Touch          Hex            0%         N/A       99%         3
 Dispel Undead            Necr           0%         3d6       100%        4


Dungeon Overview and Level Annotations

Branches:
Dungeon (3/15)

Altars:


Innate Abilities, Weirdness & Mutations

You are immune to poison.
Your flesh is cold resistant. (rC+)
You are immune to negative energy. (rN+++)
You are immune to unholy pain and torment.
You are vulnerable to heat. (rF-)
You are in touch with the powers of death.
You do not drink.
You have a special connection with the divine. (Faith)


Message History

The orc barely misses you. The orc closely misses you.
You closely miss the orc.
The orc is heavily wounded.
The orc hits you with a +0 club. The orc barely misses you.
You hit the orc but do no damage.
The orc is heavily wounded.
The orc closely misses you. The orc barely misses you.
You closely miss the orc.
The orc is heavily wounded.
The orc hits you with a +0 club. The orc hits you but does no damage. x2
The orc hits you with a +0 club.
You hit the orc.
The orc is severely wounded.
The orc closely misses you. You block the orc's attack.
You sock the orc!
You kill the orc!
The orc hits you with a +0 club. The orc hits you but does no damage.
Items here: )) [ ††.
You hit the orc.
The orc is heavily wounded.
The orc priest calls down the wrath of Beogh upon you.
Beogh smites you!
* * * LOW HITPOINT WARNING * * *
The orc hits you but does no damage.
You closely miss the orc priest. The orc hits you with a +0 club.
* * * LOW HITPOINT WARNING * * *
The orc priest closely misses you.
You hit the orc priest.
The orc priest is lightly wounded.
The orc hits you with a +0 club.
* * * LOW HITPOINT WARNING * * *
The orc priest calls upon Beogh to heal the orc.
The orc's wounds heal themselves!
You hit the orc priest.
The orc priest is moderately wounded.
The orc hits you but does no damage.
The orc priest mumbles some strange prayers to Beogh against you.
Beogh smites you!
You die...

..# #.##.....
............########
..##...#..........###
###.....##............#
................[..o.. #..
..#.##.....###...o
#.###o.....##...h..##.
##....@o.........#####o #
###...#......>##..## ##
#########.....#..#.#####...#####.
...................# #.#.o.....
.......###.######.## #....o....
####.....#.# ##.# #......r.h
#!.###)).#####..# #......o.!
###.####...##(....######.........
)...# #..#.#..#..........).......


You could see an orc priest and an orc.

Vanquished Creatures
  3 adders
  2 orcs (D:3)
  4 endoplasms
  2 giant cockroaches
  8 goblins
  4 hobgoblins
  3 jackals (D:2)
  5 quokkas
  A ball python (D:1)
  4 bats
  3 frilled lizards
  3 kobolds
  6 rats
48 creatures vanquished.

Notes
Turn   | Place    | Note
-------+----------+-------------------------------------------
     0 | D:1      | HallandMoats the Mummy Fighter began the quest for the Orb.
     0 | D:1      | Reached XP level 1. HP: 18/18 MP: 1/1
   254 | D:1      | Reached XP level 2. HP: 24/24 MP: 2/2
   837 | D:2      | Gained mutation: You are in touch with the powers of death.
                  | [Mummy growth]
   837 | D:2      | Reached XP level 3. HP: 29/29 MP: 3/3
   897 | D:2      | Upgraded the game from 0.31-a0-319-g4fced400ed to
                  | 0.31-a0-321-g19405a7a6a
  1089 | D:2      | You fall into a shaft and drop 1 floor!
  1363 | D:2      | Reached XP level 4. HP: 16/37 MP: 4/4
  1610 | D:2      | Found a faded altar of an unknown god.
  2045 | D:3      | HP: 1/37 [orc/+0 club (4)]
  2046 | D:3      | Killed from afar by an orc priest

Illustrated notes

Levels and vault maps discovered:
D:1:      psy_arrival_spokes, layout_loops_ring, minivault_11,
          minmay_misc_feat_rows, minmay_misc_feat_encased
D:2:      layout_basic, shapermc_ecumenical_altar_flowoftime,
          hangedman_decor_opposing, kennysheep_pointless_box
D:3:      layout_rooms

Skill      XL: |  1  2 |
---------------+-------+-----
Maces & Flails | 2 |  2.6
Fighting       | |  3.9
Armour         | |  2.4
Shields        | |  2.8

Action                     |  1- 3 |  4- 6 || total
---------------------------+-------+-------++-------
  Melee: Flail             |   154 |    44 ||   198
 Armour: Scale mail        |    88 |    10 ||    98
  Dodge: Dodged            |    87 |    13 ||   100
  Block: Buckler           |    46 |     5 ||    51

Table legend: (Time is in decaauts)
 A = Elapsed time spent in this place.
 B = Non-inter-level travel time spent in this place.
 C = Inter-level travel time spent in this place.
 D = Time resting spent in this place.
 E = Time spent auto-exploring this place.
 F = Levels seen in this place.
 G = Mean time per level.
                   A        B        C        D        E       F      G
               +--------+--------+--------+--------+--------+-----+--------+
         Total |   2109 |   1990 |    119 |     78 |   1254 |   3 |  703.0 |
       Dungeon |   2109 |   1990 |    119 |     78 |   1254 |   3 |  703.0 |
               +--------+--------+--------+--------+--------+-----+--------+

Top non-repeatable levels by time:
     D:2: 940 daAuts
     D:1: 818 daAuts
     D:3: 350 daAuts
